 Dungeon Crawl Stone Soup version 0.28-a0-8-g6e044cfa68 (webtiles) character file.

Game seed: 6154086679215059128

1594 Spaninq the Frost Mage (level 8, -3/52 HPs)
             Began as a Merfolk Ice Elementalist on July 24, 2021.
             Was an Initiate of the Shining One.
             Slain by Maggie (4 damage)
             ... on level 6 of the Dungeon.
             The game lasted 00:21:23 (6664 turns).

Spaninq the Frost Mage (Merfolk Ice Elementalist)   Turns: 6664, Time: 00:21:24

Health: -3/52      AC: 11    Str: 10    XL:     8   Next: 93%
Magic:  11/17      EV: 10    Int: 15    God:    the Shining One [......]
Gold:   150        SH:  0    Dex: 14    Spells: 12/19 levels left

rFire   + . .      SeeInvis .   a - +1 glaive (venom)
rCold   x . .      Faith    .   (shield currently unavailable)
rNeg    . . .      Spirit   .   e - +0 ring mail
rPois   .          Reflect  .   (no helmet)
rElec   .          Harm     .   (no cloak)
rCorr   .          Rampage  .   (no gloves)
Will    .....                   (no boots)
Stlth   +.........              (no amulet)
HPRegen 0.17/turn               g - ring of fire
MPRegen 0.15/turn               (no ring)

@: ice-armoured (expiring), freezing walls, attractive, mesmerised, hasted,
glowing, very quick
A: (nimble swimmer 2), mertail, iridescent scales 1, mutation resistance 1
a: Renounce Religion


You were on level 6 of the Dungeon.
You worshipped the Shining One.
The Shining One was noncommittal.
You visited 2 branches of the dungeon, and saw 7 of its levels.

You collected 260 gold pieces.
You spent 110 gold pieces at shops.

Inventory:

Hand Weapons
 a - a +1 glaive of venom (weapon)
 h - a +2 long sword of holy wrath
Missiles
 k - 20 sling bullets
 l - 210 stones
Armour
 c - a +0 leather armour
 e - a +0 ring mail (worn)
 m - a +0 scale mail
 s - a +0 plate armour
Jewellery
 g - a ring of fire (left hand)
 C - a ring of flight
Wands
 u - a wand of flame (11)
 D - a wand of iceblast (6)
Scrolls
 d - 2 scrolls of fear {unknown}
 f - 3 scrolls of teleportation {unknown}
 o - 2 scrolls of acquirement {unknown}
 q - a scroll of vulnerability {unknown}
 r - a scroll of torment {unknown}
 w - a scroll of brand weapon {unknown}
 A - 2 scrolls of amnesia {unknown}
 E - a scroll of enchant weapon {unknown}
Potions
 b - 2 potions of curing
 i - a potion of cancellation
 j - a potion of might
 t - a potion of degeneration {unknown}
 v - a potion of mutation
 x - a potion of attraction
 z - a potion of berserk rage
 B - a potion of brilliance {unknown}


   Skills:
 - Level 2.6 Dodging
 - Level 2.1 Stealth
 + Level 6.0 Spellcasting
 * Level 10.6 Ice Magic


You had 12 spell levels left.
You knew the following spells:

 Your Spells              Type           Power      Damage    Failure   Level
a - Freeze                Ice            100%       1d11      1%          1
b - Frozen Ramparts       Ice            72%        1d9       1%          3
c - Ozocubu's Armour      Ice            36%        N/A       1%          3

Your spell library contained the following spells:

 Spells                   Type           Power      Damage    Failure   Level
 Sting                    Tmut/Pois      16%        1d3       36%         1
 Hailstorm                Conj/Ice       20%        3d6       38%         4
 Blink                    Tloc           N/A        N/A       50%         2
 Poisonous Vapours        Pois/Air       8%         N/A       50%         2
 Lesser Beckoning         Tloc           2%         N/A       75%         3
 Portal Projectile        Hex/Tloc       8%         N/A       75%         3
 Animate Dead             Necr           2%         N/A       98%         4
 Olgreb's Toxic Radiance  Pois           4%         N/A       98%         4
 Excruciating Wounds      Necr           2%         N/A       100%        5
 Manifold Assault         Tloc           4%         N/A       100%        5
 Summon Forest            Summ/Tloc      2%         N/A       100%        5


Dungeon Overview and Level Annotations

Branches:
Dungeon (6/15)             Temple (1/1) D:4

Altars:
Ashenzari
Elyvilon
Fedhas
Hepliaklqana
Kikubaaqudgha
Nemelex Xobeh
Qazlal
The Shining One

Shops:
D:3 (

Annotations:
D:4 2 transporters, Zeldest's ghost, amateur VSWr
D:6 Maggie


Innate Abilities, Weirdness & Mutations

((You are quick and stealthy near water. (Stealth+, EV+, Speed+++)))
Your lower body shifts to a powerful aquatic tail in water.
You are partially covered in iridescent scales. (AC +2)
You are somewhat resistant to further mutation.


Message History

The wall freezes the steam dragon.
The steam dragon breathes steam at you. The ball of steam hits you. You resist.
The wall freezes the steam dragon.
The wall freezes Maggie!
Maggie hits you with a +4 scimitar of protection!
The heat melts your icy armour.
You feel yourself speed up.
The wall freezes the steam dragon.
The steam dragon barely misses you.
The steam dragon claws you but does no damage.
The wall freezes Maggie.
Maggie completely misses you.
You barely miss the steam dragon.
The steam dragon is heavily wounded.
Your icy armour starts to melt.
The wall freezes the adder!
The adder completely misses you.
The wall freezes the steam dragon!
The steam dragon bites you but does no damage.
The steam dragon claws you but does no damage.
The wall freezes Maggie.
Maggie barely misses you.
You slash Maggie!
Maggie is heavily wounded.
The wall freezes the adder.
You kill the adder!
The wall freezes the steam dragon!
You kill the steam dragon!
The wall freezes Maggie!
Maggie hits you with a +4 scimitar of protection!
* * * LOW HITPOINT WARNING * * *
Your Spellcasting skill increases to level 6!
It was a potion of attraction.
You feel attractive to monsters.
It was a potion of mutation.
You feel extremely strange.
Iridescent scales grow over part of your body.
You feel genetically stable.
The wall freezes Maggie.
Maggie hits you with a +4 scimitar of protection!
* * * LOW HITPOINT WARNING * * *
It was a potion of berserk rage.
You are too mesmerised to rage.
The wall freezes Maggie!
Maggie hits you with a +4 scimitar of protection.
You die...

.D.$.. ## .....
.. ...#.###.#
......#.###
#.#.(.... ..
#.!....#.#
....#........#
##......#####
........@@...#
.##.###.†#.....#
# #....#####.#
#.#.## # #.#.# .
..# # ##.# #.


You could see Maggie (mesmerising).

Vanquished Creatures
  A steam dragon (D:6)
  2 water moccasins
  4 ogres (D:5)
  A black bear (D:5)
  A kobold brigand (D:4)
  2 scorpions (D:4)
  A centaur zombie (D:5)
  3 jellies (D:4)
  A gnoll shaman (D:5)
  2 orc priests (D:4)
  3 hounds
  A bullfrog skeleton (D:4)
  An orc wizard (D:4)
  Ijyb (D:4)
  2 iguanas
  A hound zombie (D:5)
  4 gnolls (D:4)
  8 adders
  A howler monkey skeleton (D:5)
  An ufetubus (D:4)
  A worm (D:2)
  9 orcs
  7 endoplasms
  4 giant cockroaches
  2 goblins (D:3)
  5 hobgoblins
  7 jackals
  8 quokkas
  9 ball pythons
  A bat (D:3)
  2 frilled lizards
  8 kobolds
  8 rats
112 creatures vanquished.

Notes
Turn   | Place    | Note
-------+----------+-------------------------------------------
     0 | D:1      | Spaninq the Merfolk Ice Elementalist began the quest for
                  | the Orb.
     0 | D:1      | Reached XP level 1. HP: 13/13 MP: 3/3
   378 | D:1      | Reached XP level 2. HP: 19/19 MP: 1/5
  1009 | D:2      | Found a faded altar of an unknown god.
  1274 | D:2      | Reached skill level 5 in Ice Magic
  1274 | D:2      | Reached XP level 3. HP: 11/24 MP: 0/6
  1297 | D:2      | HP: 1/24 [quokka (5)]
  2573 | D:3      | Reached XP level 4. HP: 30/30 MP: 4/8
  2710 | D:3      | Noticed a water moccasin
  2726 | D:3      | Killed a water moccasin
  2727 | D:3      | Reached skill level 6 in Ice Magic
  2727 | D:3      | Reached XP level 5. HP: 14/35 MP: 0/10
  2731 | D:3      | Learned a level 3 spell: Frozen Ramparts
  2735 | D:3      | Learned a level 3 spell: Ozocubu's Armour
  3410 | D:3      | Reached XP level 6. HP: 31/41 MP: 7/11
  3563 | D:3      | Found Qywu's Antique Weapon Emporium.
  3579 | D:3      | Bought a glowing long sword for 110 gold pieces
  4207 | D:4      | Reached skill level 7 in Ice Magic
  4286 | D:4      | Found a transporter.
  4424 | D:4      | Noticed Ijyb
  4435 | D:4      | Killed Ijyb
  4550 | D:4      | Found a transporter.
  4554 | D:4      | Noticed Zeldest's ghost (amateur VSWr)
  4587 | D:4      | Got the Disquisition on Sinister Dislocation
  4800 | D:4      | Noticed an orc warrior
  4803 | D:4      | Reached XP level 7. HP: 46/46 MP: 9/13
  4883 | D:4      | Reached skill level 8 in Ice Magic
  5303 | D:4      | Found a staircase to the Ecumenical Temple.
  5312 | Temple   | Entered the Ecumenical Temple
  5328 | Temple   | Became a worshipper of the Shining One
  5394 | D:5      | Entered Level 5 of the Dungeon
  5526 | D:5      | Found a stormy altar of Qazlal.
  5629 | D:5      | Reached skill level 5 in Spellcasting
  5629 | D:5      | Reached skill level 9 in Ice Magic
  5629 | D:5      | Reached XP level 8. HP: 52/52 MP: 9/15
  6110 | D:5      | Reached skill level 10 in Ice Magic
  6341 | D:5      | Noticed a two-headed ogre
  6647 | D:6      | Noticed Maggie
  6663 | D:6      | Gained mutation: You are partially covered in iridescent
                  | scales. (AC +2) [potion of mutation]
  6663 | D:6      | Gained mutation: You are somewhat resistant to further
                  | mutation. [potion of mutation]
  6663 | D:6      | HP: 1/52 [Maggie (9)]
  6664 | D:6      | Slain by Maggie

Illustrated notes

Levels and vault maps discovered:
D:1:      nicolae_arrival_memento_mori, layout_loops_ring,
          minmay_misc_feat_tower
D:2:      layout_basic, serial_glass, glass_columns_b, glass_columns_a,
          item_on_display_a, basic_ecumenical_altar
D:3:      layout_basic, serial_shops, nicolae_shop_stone
D:4:      minmay_bubble_buster, layout_rooms, minmay_temple_entry_mist,
          gammafunk_ghost_stat_death, lightli_corner_chamber, uniq_ijyb
D:5:      minmay_opposing_rooms, layout_rooms, kennysheep_mini
D:6:      layout_basic, kennysheep_mini_moat, uniq_maggie,
          uniq_crazy_yiuf_cottage
Temple:   nicolae_temple_god_jail

Skill      XL: |  1  2  3  4  5  6  7  8 |
---------------+-------------------------+-----
Ice Magic      | 5 6 7 9 10 | 10.6
Spellcasting   | 3 4 5 6 |  6.0
Dodging        | |  2.6
Stealth        | |  2.1

Action                   |  1- 3 |  4- 6 |  7- 9 || total
-------------------------+-------+-------+-------++-------
Melee: Short sword       |     3 |    12 |       ||    15
       Dagger            |     1 |       |       ||     1
       Long sword        |       |    22 |    40 ||    62
       Tailslap          |       |       |     1 ||     1
       Glaive            |       |       |    19 ||    19
 Cast: Freeze            |    56 |    40 |     3 ||    99
       Frozen Ramparts   |       |     8 |    16 ||    24
       Ozocubu's Armour  |       |     5 |    16 ||    21
  Use: Potion            |     1 |     1 |     4 ||     6
       Scroll            |     1 |     2 |     3 ||     6
 Stab: Sleeping          |       |     2 |     3 ||     5
Armor: Robe              |     5 |    15 |     5 ||    25
       Leather armour    |       |       |    10 ||    10
       Ring mail         |       |       |    12 ||    12
Dodge: Dodged            |    25 |    42 |    45 ||   112
       Rpst.: Long sword |       |     7 |     8 ||    15

Table legend: (Time is in decaauts)
 A = Elapsed time spent in this place.
 B = Non-inter-level travel time spent in this place.
 C = Inter-level travel time spent in this place.
 D = Time resting spent in this place.
 E = Time spent auto-exploring this place.
 F = Levels seen in this place.
 G = Mean time per level.
                   A        B        C        D        E       F      G
               +--------+--------+--------+--------+--------+-----+--------+
         Total |   6691 |   6512 |    179 |   1284 |   4208 |   7 |  955.9 |
       Dungeon |   6661 |   6495 |    166 |   1284 |   4197 |   6 | 1110.2 |
        Temple |     30 |     17 |     13 |      0 |     11 |   1 |   30.0 |
               +--------+--------+--------+--------+--------+-----+--------+

Top non-repeatable levels by time:
     D:2: 1766 daAuts
     D:3: 1504 daAuts
     D:4: 1207 daAuts
     D:5: 1140 daAuts
     D:1: 899 daAuts
     D:6: 142 daAuts
  Temple: 30 daAuts
